 Dungeon Crawl Stone Soup version 0.17-a0-2211-gbb7320e (webtiles) character file.

73 Ordine the Magician (level 4, -2/36 HPs)
             Began as a Deep Elf Wizard on Oct 27, 2015.
             Killed by divine providence
             ... invoked by an orc priest
              (14 damage)
             ... on level 3 of the Dungeon.
             The game lasted 00:07:45 (2626 turns).

Ordine the Magician (Deep Elf Wizard)               Turns: 2626, Time: 00:07:45

Health: -2/36      AC: 27    Str:  4    XL:     4   Next: 8%
Magic:  1/13       EV:  2    Int: 24    God:
Gold:   92         SH:  0    Dex: 13    Spells: 5 memorised, 2 levels left

rFire  . . .     SeeInvis .     i - +0 dagger (protect)
rCold  + . .     Clarity  .     (armour currently unavailable)
rNeg   + + +     SustAt   .     (no shield)
rPois  +         Gourm    .     (helmet currently unavailable)
rElec  .         Spirit   .     (cloak currently unavailable)
rCorr  .         Warding  .     (gloves currently unavailable)
rMut   .         NoTele   +     (boots currently unavailable)
MR     .....                    (no amulet)
Stlth  +++.......               n - ring of protection from cold (curse)
                                e - ring of flight

@: tree-form, very slightly contaminated, not resistant to hostile enchantments,
fairly stealthy
A: no striking features
a: no special abilities


You were on level 3 of the Dungeon.
You were very hungry.
You were a tree.
You visited 1 branch of the dungeon, and saw 3 of its levels.

You collected 92 gold pieces.

Inventory:

Hand Weapons
 i - a +0 dagger of protection (weapon)
Armour
 a - a +1 robe (melded)
 b - a +0 hat (melded)
 h - a +0 cloak (melded)
 o - a +0 buckler
Jewellery
 e - a ring of flight (left branch)
 n - a cursed ring of protection from cold (right branch)
Scrolls
 g - a scroll of enchant armour
 l - a scroll of remove curse
 m - 2 scrolls of recharging
Potions
 f - a potion of lignification
 k - a potion of agility {unknown}
Books
 c - a book of Minor Magic

   Spells                             Type                      Level
   a - Magic Dart                     Conjuration                  1
   b - Blink                          Translocation                2
   c - Call Imp                       Summoning                    2
   d - Repel Missiles                 Charms/Air                   2
   e - Slow                           Hexes                        2
   f - Conjure Flame                  Conjuration/Fire             3
   g - Mephitic Cloud                 Conjuration/Poison/Air       3
Comestibles
 d - 2 bread rations
 j - a slice of pizza


   Skills:
 - Level 2.4 Dodging
 - Level 2.4 Stealth
 + Level 5.2 Spellcasting
 * Level 3.6 Conjurations
   Level 1.1 Summonings
 - Level 1.1 Translocations


You had 2 spell levels left.
You knew the following spells:

 Your Spells              Type           Power        Failure   Level  Hunger
a - Magic Dart            Conj           ###.         1%          1    None
b - Blink                 Tloc           N/A          12%         2    None
c - Conjure Flame         Conj/Fire      ###.....     14%         3    ##.....
d - Mephitic Cloud        Conj/Pois/Air  ##......     17%         3    ##.....
e - Repel Missiles        Chrm/Air       #.....       14%         2    None


Dungeon Overview and Level Annotations

Branches:
Dungeon (3/15)

Altars:
Kikubaaqudgha


Message History

You barely miss the orc wizard.
The orc wizard is severely wounded.
The orc wizard hits you but does no damage.
You hit the orc wizard but do no damage.
The orc wizard is severely wounded.
The orc wizard hits you but does no damage.
You hit the orc wizard.
The orc wizard is severely wounded.
The orc wizard hits you but does no damage.
You closely miss the orc wizard.
The orc wizard is severely wounded.
You are feeling very hungry.
The orc wizard mumbles some strange words.
The orc wizard seems to speed up.
You closely miss the orc wizard.
The orc wizard is severely wounded.
The orc wizard hits you but does no damage.
The orc priest calls down the wrath of Beogh upon you.
Something smites you!
You die...

#...##.#########
###.####........# #...#
#.######.# #..## #.# #..# #.#
### #..# #.# ##.##########)(#
#.# #......(..))..o#####.#
##.###########oo♣....# #.#
######### #.# .##### #.# ......
#.# ###### #.# ## #.############
#############.
#............######.............
############........###########.


You could see an orc priest, an orc wizard and an orc.

Vanquished Creatures
  An adder (D:2)
  2 worms
  2 giant geckos (D:2)
  6 orcs (D:3)
  A ball python (D:2)
  5 bats
  8 goblins
  4 hobgoblins
  5 kobolds
  2 quokkas (D:2)
  A giant cockroach (D:2)
  5 giant newts
  A quokka skeleton (D:3)
  9 rats
52 creatures vanquished.

Notes
Turn   | Place    | Note
--------------------------------------------------------------
     0 | D:1      | Ordine the Deep Elf Wizard began the quest for the Orb.
     0 | D:1      | Reached XP level 1. HP: 10/10 MP: 7/7
   390 | D:1      | Reached XP level 2. HP: 15/15 MP: 1/9
   459 | D:1      | Learned a level 2 spell: Blink
   462 | D:1      | Learned a level 2 spell: Repel Missiles
  1243 | D:2      | Reached XP level 3. HP: 19/19 MP: 3/11
  1325 | D:2      | Reached skill level 5 in Spellcasting
  1342 | D:2      | Learned a level 3 spell: Conjure Flame
  1346 | D:2      | Learned a level 3 spell: Mephitic Cloud
  1791 | D:2      | Found an ancient bone altar of Kikubaaqudgha.
  2308 | D:3      | Reached XP level 4. HP: 21/24 MP: 1/13
  2626 | D:3      | Killed from afar by an orc priest

Vault maps used:
D:1:      dpeg_arrival_lava_temple_mockup, kennysheep_another_room
D:2:      minmay_door_path, kiku_gazebo_pond_becter
D:3:      marbit_many_paths, minmay_hedge_maze, kennysheep_crisscross

Action                   |  1- 3 |  4- 6 || total
-------------------------+-------+-------++-------
Melee: Dagger            |       |     7 ||     7
 Cast: Magic Dart        |   107 |    24 ||   131
       Repel Missiles    |     1 |       ||     1
       Mephitic Cloud    |       |     1 ||     1
       Blink             |       |     1 ||     1
  Use: Scroll            |     3 |       ||     3
       Potion            |       |     1 ||     1
  Eat: Chunk             |     3 |     1 ||     4
